 Dungeon Crawl Stone Soup version 0.29-a0-234-g0dae59b3db (webtiles) character file.

Game seed: 9298033323827197877

7765 drugrobin the Cleaver (level 10, -4/88 HPs)
             Began as a Demigod Fighter on Mar 2, 2022.
             Slain by a wyvern (5 damage)
             ... on level 10 of the Dungeon.
             The game lasted 00:28:53 (12879 turns).

drugrobin the Cleaver (Demigod Fighter)            Turns: 12879, Time: 00:28:53

Health: -4/88      AC: 16    Str: 29    XL:     10   Next: 69%
Magic:  13/13      EV:  7    Int: 10    God:
Gold:   537        SH:  4    Dex: 13    Spells: 9/9 levels left

rFire   . . .      SeeInvis +   a - +2 hand axe
rCold   + . .      Faith    .   c - +0 buckler
rNeg    . . .      Spirit   .   n - +0 plate armour
rPois   .          Reflect  .   (no helmet)
rElec   .          Harm     .   q - +0 cloak
rCorr   .          Rampage  .   (no gloves)
Will    +....                   l - +0 pair of boots
Stlth   ..........              (no amulet)
HPRegen 0.24/turn               G - ring of protection from cold
MPRegen 0.13/turn               R - ring of see invisible

@: about to teleport, studying Unarmed Combat
A: high MP 1, forlorn, divine attributes
a: no special abilities


You were on level 10 of the Dungeon.
You visited 1 branch of the dungeon, and saw 10 of its levels.
You also visited: Ossuary.

You collected 537 gold pieces.

Inventory:

Hand Weapons
 a - a +2 hand axe (weapon)
 j - a +2 mace of protection
 v - a +2 flail of draining
 O - a +0 war axe
 S - a +5 battleaxe
Missiles
 p - 7 boomerangs (quivered)
 J - 27 poisoned darts
Armour
 c - a +0 buckler (worn)
 f - a scarf of invisibility
 l - a +0 pair of boots (worn)
 n - a +0 plate armour (worn)
 q - a +0 cloak (worn)
 z - an orb of wrath
Jewellery
 G - a ring of protection from cold (left hand)
 M - a ring of protection from fire
 R - a ring of see invisible (right hand)
Wands
 t - a wand of flame (10)
 y - a wand of iceblast (8)
 I - a wand of acid (3)
 N - a wand of digging (10)
Scrolls
 e - 3 scrolls of amnesia
 g - a scroll of brand weapon
 i - 3 scrolls of fear
 r - 6 scrolls of teleportation
 s - a scroll of enchant armour
 u - 3 scrolls of summoning
 C - a scroll of enchant weapon
 D - 6 scrolls of fog
 F - a scroll of silence
 H - a scroll of holy word
 P - a scroll of vulnerability
 Q - a scroll of magic mapping
Potions
 b - 3 potions of haste
 d - 2 potions of might
 h - 4 potions of heal wounds {unknown}
 k - 2 potions of brilliance {unknown}
 m - 3 potions of attraction {unknown}
 o - 5 potions of curing
 w - 2 potions of ambrosia {unknown}
 x - a potion of resistance {unknown}
 A - 3 potions of lignification {unknown}
 B - a potion of invisibility
 E - 2 potions of berserk rage {unknown}
 L - 2 potions of degeneration {unknown}


   Skills:
 + Level 8.3 Fighting
 * Level 11.2 Axes
 + Level 8.3 Armour
 - Level 2.8 Shields


You had 9 spell levels left.
You didn't know any spells.
Your spell library contained the following spells:

 Spells                   Type           Power      Damage    Failure   Level
 Magic Dart               Conj           0%         1d3       99%         1
 Call Imp                 Summ           0%         N/A       100%        2
 Mephitic Cloud           Conj/Pois/Air  0%         N/A       100%        3
 Summon Guardian Golem    Hex/Summ       0%         N/A       100%        3
 Orb of Destruction       Conj           0%         9d5       100%        7
 Spellforged Servitor     Conj/Summ      0%         N/A       100%        7


Dungeon Overview and Level Annotations

Branches:
Dungeon (10/15)            Temple (0/1) D:7            Lair (0/6) D:8
Ossuary (visited)
    Orc: D:9-12

Shops:
D:2 (

Annotations:
D:3 1 runed translucent door, Crazy Yiuf
D:9 1 runed translucent door, Erolcha; jejorda2's ghost, novice DEHu
D:10 Erica


Innate Abilities, Weirdness & Mutations

You have an increased reservoir of magic. (+10% MP)
You shall have no god before yourself.
Your divine heritage dramatically boosts your attributes as you level up.


Message History

Press: ? - help, Shift-Dir - straight line, f/p - Maurice
Aim: Maurice, wielding a +2 dagger of protection, wearing a +1 cloak and quivering poisoned darts (almost dead, covering ground quickly, slightly transparent)
The mass of ice explodes!
The iceblast engulfs Maurice!
You kill Maurice!
You feel sick.
You hear a shout! x2; You hear an angry hiss.
Unknown command.
Your surroundings suddenly seem different. 14 orcs, a gnoll sergeant, 5 gnolls and a wyvern come into view.
You feel sick.
The orc warrior shouts!
The orc shouts! x2; The gnoll shouts!
An orc warrior comes into view. It is wielding a +0 mace.
The orc throws a boomerang.
You block the boomerang.
Unknown command.
Unknown command.
Unknown command.
Unknown command.
As you read the scroll of teleportation, it crumbles to dust.
You feel strangely unstable.
You feel sick.
The orc throws a boomerang.
You block the boomerang. The gnoll closely misses you.
The gnoll sergeant hits you from afar with a +0 spear.
* * * LOW HITPOINT WARNING * * *
The wyvern closely misses you.
The orc cheers to no one in particular.
The orc wizard barely misses you.
An orc comes into view. It is wielding a +0 short sword.
Unknown command.
Unknown command.
Unknown command.
Unknown command.
Unknown command.
You feel better. The wyvern bites you!
* * * LOW HITPOINT WARNING * * *
The orc wizard hits you but does no damage.
You block the gnoll's attack.
The gnoll sergeant hits you from afar with a +0 spear.
* * * LOW HITPOINT WARNING * * *
The orc wizard hits you but does no damage.
The wyvern bites you.
You die...

.......... ..#
≈≈S≈≈≈≈≈≈≈≈≈ .(#
≈≈≈≈≈≈≈≈≈≈≈ ..#
##########'.≈
..# .......g.o#
≈.##
....g.gooo##≈≈.#
8..o.ggogo...


..o.oooooo# ...oool@..# ##########'.≈≈. 8≈. . You could see 4 orc warriors, a
wyvern, a gnoll sergeant, 3 orc wizards, 5 gnolls and 10 orcs.

Vanquished Creatures
  2 two-headed ogres
  Pikel (D:5)
  Maurice (D:10)
  Joseph (D:8)
  A komodo dragon (D:8)
  2 hornets
  Prince Ribbit (D:7)
  Sigmund (D:6)
  A steam dragon (D:9)
  4 water moccasins
  An ice beast (D:4)
  An orc warrior (D:9)
  3 sky beasts
  An ogre (D:6)
  A centaur (D:9)
  2 phantoms
  3 kobold brigands
  3 bullfrogs
  A gnoll sergeant (D:7)
  11 scorpions
  9 wights
  6 killer bees (D:9)
  3 centaur zombies (Ossuary)
  7 howler monkeys
  A gnoll shaman (D:6)
  A jelly (D:5)
  3 human zombies (Ossuary)
  4 orc priests
  5 hounds
  4 iguanas
  6 orc wizards
  A scorpion zombie (Ossuary)
  4 mummies
  11 gnolls
  8 adders
  A shadow imp (D:5)
  A white imp (D:7)
  An ufetubus (D:6)
  3 worms
  4 dart slugs
  27 orcs
  6 ball pythons
  12 endoplasms
  4 giant cockroaches
  5 gnoll zombies (Ossuary)
  9 hobgoblins
  7 jackals
  22 kobolds
  4 quokkas
  7 bats
  3 frilled lizards
  5 goblins
  4 goblin zombies
  2 kobold zombies (Ossuary)
  3 orc zombies
  4 rats
249 creatures vanquished.

Vanquished Creatures (others)
  41 plants (D:8)
41 creatures vanquished.

Grand Total: 290 creatures vanquished

Notes
Turn   | Place    | Note
-------+----------+-------------------------------------------
     0 | D:1      | drugrobin the Demigod Fighter began the quest for the Orb.
     0 | D:1      | Reached XP level 1. HP: 18/18 MP: 3/3
    87 | D:1      | Reached skill level 2 in Axes
   116 | D:1      | Reached XP level 2. HP: 24/25 MP: 4/4
   628 | D:1      | Reached XP level 3. HP: 27/31 MP: 5/5
  1042 | D:2      | Found Laol's Weapon Shoppe.
  1170 | D:2      | Reached skill level 3 in Axes
  1411 | D:2      | Reached XP level 4. HP: 38/38 MP: 6/6
  1579 | D:2      | Noticed an ogre
  2415 | D:3      | Reached XP level 5. HP: 37/45 MP: 7/7
  2699 | D:3      | Found a runed translucent door.
  2700 | D:3      | Noticed Crazy Yiuf
  3088 | D:4      | Reached skill level 4 in Axes
  3318 | D:4      | Reached XP level 6. HP: 44/47 MP: 8/8
  3942 | D:5      | Entered Level 5 of the Dungeon
  3964 | D:5      | Reached skill level 5 in Axes
  4202 | D:5      | Reached XP level 7. HP: 48/60 MP: 9/9
  4203 | D:5      | Found a sand-covered staircase.
  4208 | Ossuary  | Entered an ossuary
  4328 | Ossuary  | Reached skill level 6 in Axes
  4420 | Ossuary  | Reached skill level 5 in Fighting
  4420 | Ossuary  | Reached skill level 5 in Armour
  4950 | Ossuary  | Reached XP level 8. HP: 53/68 MP: 10/10
  5436 | D:5      | Reached skill level 7 in Axes
  6591 | D:6      | Noticed Pikel
  6634 | D:5      | Killed Pikel
  6635 | D:5      | Reached skill level 8 in Axes
  6635 | D:5      | Reached XP level 9. HP: 44/77 MP: 11/11
  7129 | D:6      | Noticed Sigmund
  7151 | D:6      | Killed Sigmund
  7428 | D:6      | Noticed a two-headed ogre
  7437 | D:6      | Killed a two-headed ogre
  7438 | D:6      | Reached skill level 9 in Axes
  7661 | D:7      | Noticed Prince Ribbit
  8129 | D:7      | Found a staircase to the Ecumenical Temple.
  9125 | D:7      | Killed Prince Ribbit
  9489 | D:7      | Noticed a two-headed ogre
  9502 | D:7      | Killed a two-headed ogre
  9503 | D:7      | Reached skill level 10 in Axes
  9503 | D:7      | Reached XP level 10. HP: 50/86 MP: 13/13
  9884 | D:8      | Noticed Joseph
  9897 | D:8      | Killed Joseph
 10131 | D:8      | Paralysed by a hornet for 1 turns
 10944 | D:8      | Found a staircase to the Lair.
 11406 | D:9      | Reached skill level 11 in Axes
 11578 | D:9      | Found a runed translucent door.
 12178 | D:9      | Paralysed by a hornet for 2 turns
 12462 | D:9      | Noticed jejorda2's ghost (novice DEHu)
 12462 | D:9      | Noticed a +1 long sword of chaos
 12697 | D:9      | Noticed Erolcha
 12843 | D:10     | Entered Level 10 of the Dungeon
 12847 | D:10     | Noticed Maurice
 12872 | D:10     | Noticed Erica
 12872 | D:10     | Noticed a two-headed ogre
 12876 | D:10     | Killed Maurice
 12879 | D:10     | HP: 1/88 [gnoll sergeant/+0 spear (5)]
 12879 | D:10     | Slain by a wyvern

Illustrated notes

Levels and vault maps discovered:
D:1:      minmay_arrival_arboretum_large, layout_loops_cross
D:2:      layout_rooms, serial_shops, nicolae_shop_stone,
          kennysheep_cluttered_room, supply_closet_lemuel
D:3:      layout_rooms, kiku_gazebo_pond_becter, serial_corexii_hall,
          chequers_hall_statues_y, corexii_hall_statues_l, grunt_ministairs_13,
          grunt_decor_mini_mirrors, palyth_stone_intersect,
          kennysheep_generic_room_15, uniq_crazy_yiuf_cottage
D:4:      layout_basic, mainiacjoe_overflow_alcove_2, grunt_gozag_breadcrumbs
D:5:      layout_loops_ring, nicolae_ossuary_entry_giza,
          roderic_serpentine_path, chequers_serial_rivers_micro_c
D:6:      layout_loops_ring, mainiacjoe_overflow_divided_tiny, uniq_pikel,
          uniq_sigmund
D:7:      layout_loops_corners, minmay_temple_entry_butterflies, centaur_isle,
          uniq_prince_ribbit1
D:8:      layout_basic, david_lair_shrubbed, chequers_serial_rivers_room_a,
          uniq_joseph
D:9:      layout_grid_maze, ebering_ghost_xom, uniq_erolcha
D:10:     layout_cave_pools, amcnicky_altar_gilded, erik_orc_2, serial_shops,
          shop, kennysheep_generic_room_4, uniq_erica, uniq_maurice, uniq_harold

Skill      XL: |  1  2  3  4  5  6  7  8  9 10 |
---------------+-------------------------------+-----
Axes           | 2 3 4 5 6 8 10 11 | 11.2
Armour         | 3 4 5 6 7 8 |  8.3
Fighting       | 3 4 5 6 7 8 |  8.3
Shields        | |  2.8

Action                   |  1- 3 |  4- 6 |  7- 9 | 10-12 || total
-------------------------+-------+-------+-------+-------++-------
Melee: War axe           |   125 |    27 |    53 |       ||   205
       Mace              |    28 |   128 |   226 |       ||   382
       Flail             |       |    25 |    52 |    20 ||    97
       Hand axe          |       |       |   120 |   184 ||   304
       Battleaxe         |       |       |       |    18 ||    18
Throw: Boomerang         |       |     9 |    20 |       ||    29
       Dart              |       |       |     6 |    14 ||    20
       Throwing net      |       |       |     1 |       ||     1
Evoke: Wand              |       |       |     7 |    12 ||    19
  Use: Scroll            |       |       |       |    17 ||    17
       Potion            |       |       |       |     1 ||     1
Armor: Scale mail        |    11 |       |       |       ||    11
       Chain mail        |    78 |       |       |       ||    78
       Plate armour      |     3 |   131 |   296 |   139 ||   569
Dodge: Dodged            |    73 |    32 |   118 |    93 ||   316
Block: Buckler           |    55 |    36 |    81 |    38 ||   210

Table legend: (Time is in decaauts)
 A = Elapsed time spent in this place.
 B = Non-inter-level travel time spent in this place.
 C = Inter-level travel time spent in this place.
 D = Time resting spent in this place.
 E = Time spent auto-exploring this place.
 F = Levels seen in this place.
 G = Mean time per level.
                   A        B        C        D        E       F      G
               +--------+--------+--------+--------+--------+-----+--------+
         Total |  13039 |  12593 |    446 |   2662 |   6641 |  11 | 1185.4 |
       Dungeon |  11829 |  11383 |    446 |   2262 |   6233 |  10 | 1182.9 |
       Ossuary |   1210 |   1210 |      0 |    400 |    408 |   1 | 1210.0 |
               +--------+--------+--------+--------+--------+-----+--------+

Top non-repeatable levels by time:
     D:7: 1959 daAuts
     D:9: 1801 daAuts
     D:5: 1673 daAuts
     D:6: 1225 daAuts
 Ossuary: 1210 daAuts
     D:3: 1130 daAuts
     D:8: 1066 daAuts
     D:1: 1022 daAuts
     D:4: 968 daAuts
     D:2: 947 daAuts
    D:10: 34 daAuts
